 Dungeon Crawl Stone Soup version 0.29-a0-919-gd064cfad1c (webtiles) character file.

Game seed: 704727438778678269

17 IdlyInterested the Trooper (level 2, 0/25 HPs)
             Began as a Demonspawn Wanderer on July 26, 2022.
             Slain by a worm (3 damage)
             ... on level 2 of the Dungeon.
             The game lasted 00:02:56 (1128 turns).

IdlyInterested the Trooper (Demonspawn Wanderer)    Turns: 1128, Time: 00:02:57

Health: 0/25       AC:  6    Str: 13    XL:     2   Next: 44%
Magic:  2/2        EV: 10    Int: 12    God:
Gold:   89         SH:  0    Dex: 12    Spells: 1/1 levels left

rFire   . . .      SeeInvis .   a - +1 long sword
rCold   . . .      Faith    .   (no shield)
rNeg    . . .      Spirit   .   g - +0 ring mail
rPois   .          Reflect  .   h - +0 helmet
rElec   .          Harm     .   (no cloak)
rCorr   .          Rampage  .   (no gloves)
Will    .....                   (no boots)
Stlth   +.........              (no amulet)
HPRegen 0.08/turn               (no ring)
MPRegen 0.08/turn               (no ring)

@: invisible
A: claws 1
a: no special abilities


You were on level 2 of the Dungeon.
You visited 1 branch of the dungeon, and saw 2 of its levels.

You collected 89 gold pieces.

Inventory:

Hand Weapons
 a - a +1 long sword (weapon)
 f - a +0 short sword
Missiles
 e - 6 boomerangs (quivered)
 k - 5 poisoned darts
Armour
 d - a +0 leather armour
 g - a +0 ring mail (worn)
 h - a +0 helmet (worn)
Magical Staves
 b - a staff of cold
Scrolls
 c - 2 scrolls of teleportation
Potions
 i - a potion of flight {unknown}
 j - a potion of heal wounds {unknown}
 l - a potion of invisibility
 n - a potion of curing {unknown}


   Skills:
 + Level 4.1 Fighting
 * Level 2.2 Long Blades
 - Level 1.7 Polearms
 - Level 1.0 Armour
 - Level 1.0 Stealth
 * Level 0.2 Unarmed Combat
 - Level 1.0 Evocations


You had one spell level left.
You didn't know any spells.
Your spell library was empty.

Dungeon Overview and Level Annotations

Branches:
Dungeon (2/15)

Altars:
Cheibriados


Innate Abilities, Weirdness & Mutations

You have sharp fingernails.


Message History

The rat closely misses you.
You hit the adder.
The adder is lightly wounded.
The adder closely misses you. The rat barely misses you. The adder bites you.
You miss the adder.
The adder is lightly wounded.
The adder closely misses you. The rat closely misses you.
The adder completely misses you.
You hit the rat but do no damage.
The rat is moderately wounded.
The rat closely misses you. The adder bites you. The rat barely misses you.
You hit the rat but do no damage.
The rat is moderately wounded.
The adder bites you.
You are poisoned.
The adder poisons you! The adder bites you. The rat barely misses you.
The rat attacks as you move away! The rat bites you but does no damage.
You feel sick.
You hit the adder.
The adder is severely wounded.
You feel sick. The adder misses you. The adder bites you.
You hit the adder but do no damage.
The adder is severely wounded.
You feel sick.
The adder bites you but does no damage. x2
You barely miss the adder.
The adder is severely wounded.
You feel sick. The adder bites you but does no damage. The worm bites you!
* * * LOW HITPOINT WARNING * * *
Unknown command.
It was a potion of invisibility.
You fade into invisibility!
You feel sick. The adder bites you but does no damage.
The adder barely misses you.
You strike the helpless adder from behind!
You hit the adder.
The adder is almost dead.
You feel sick.
You are no longer poisoned.
The adder barely misses you. The worm bites you.
You die...

#.......#
#.#####.# ^...
#.# ....###.##
.........#
....#....###.#
.. #........#
###.###..#
#...w@# ...#
#.#.#S# ..>
.......r...$...
###.#.#.#......
#.....#....#.
#...... ..##
#.#.#.# ###
#.#.#.# # #.#.#


You could see a worm (unable to see you), an adder (unable to see you) and a rat
(unable to see you).

Vanquished Creatures
  3 endoplasms
  A hobgoblin (D:2)
  6 kobolds
  2 quokkas (D:2)
  A bat (D:1)
  A goblin (D:1)
  A rat (D:1)
15 creatures vanquished.

Notes
Turn   | Place    | Note
-------+----------+-------------------------------------------
     0 | D:1      | IdlyInterested the Demonspawn Wanderer began the quest for
                  | the Orb.
     0 | D:1      | IdlyInterested set off with the following items: a +1 long
                  | sword, a +0 spear, a scroll of teleportation, a +0 leather
                  | armour.
     0 | D:1      | Reached XP level 1. HP: 19/19 MP: 1/1
   826 | D:2      | Gained mutation: You have sharp fingernails. [demonic
                  | ancestry]
   826 | D:2      | Reached XP level 2. HP: 22/25 MP: 2/2
  1018 | D:2      | Reached skill level 1 in Armour
  1080 | D:2      | Found a snail-covered altar of Cheibriados.
  1128 | D:2      | Slain by a worm

Illustrated notes

Levels and vault maps discovered:
D:1:      sevenhm_arrival_forest_fort_small_4, layout_basic
D:2:      layout_loops_ring, basic_altar, grunt_ministairs_8

Skill      XL: |  1  2 |
---------------+-------+-----
Long Blades    | 2 |  2.2
Armour         | 1 |  1.0
Fighting       | |  4.1
Polearms       | |  1.7
Stealth        | |  1.0
Unarmed Combat | |  0.2
Evocations     | |  1.0

Action                   || total
-------------------------++-------
Melee: Long sword        ||    52
       Punch             ||     1
  Use: Scroll            ||     4
       Potion            ||     1
 Stab: Sleeping          ||     1
       Invisible         ||     1
Armor: Leather armour    ||    11
       Ring mail         ||     8
Dodge: Dodged            ||    35

Table legend: (Time is in decaauts)
 A = Elapsed time spent in this place.
 B = Non-inter-level travel time spent in this place.
 C = Inter-level travel time spent in this place.
 D = Time resting spent in this place.
 E = Time spent auto-exploring this place.
 F = Levels seen in this place.
 G = Mean time per level.
                   A        B        C        D        E       F      G
               +--------+--------+--------+--------+--------+-----+--------+
         Total |   1143 |   1044 |     99 |    165 |    617 |   2 |  571.5 |
       Dungeon |   1143 |   1044 |     99 |    165 |    617 |   2 |  571.5 |
               +--------+--------+--------+--------+--------+-----+--------+

Top non-repeatable levels by time:
     D:1: 896 daAuts
     D:2: 247 daAuts
